 Dungeon Crawl Stone Soup version 0.31-a0-202-g547052bce9 (webtiles) character file.

Game seed: 2003089264051221681

63 qw the Shooter (level 3, -1/20 HPs)
             Began as a Deep Elf Hunter on June 26, 2023.
             Succumbed to their own poison gas
             ... on level 2 of the Dungeon.
             The game lasted 00:00:34 (1222 turns).

qw the Shooter (Deep Elf Hunter)                    Turns: 1222, Time: 00:00:34

Health: -1/20      AC:  3    Str: 10    XL:     3   Next: 89%
Magic:  5/5        EV: 12    Int: 13    God:
Gold:   124        SH:  0    Dex: 18    Spells: 2/2 levels left

rFire   . . .        Y - +0 shortbow
rCold   . . .        (shield currently unavailable)
rNeg    . . .        c - +0 leather armour
rPois   .            (no helmet)
rElec   .            (no cloak)
rCorr   .            (no gloves)
SInv    .            (no boots)
Will    .....        (no amulet)
Stlth   ++           (no ring)
HPRegen 0.23/turn    (no ring)
MPRegen 0.09/turn

%: no passive effects
@: lethally poisoned (-1 -> -7)
A: no striking features
a: no special abilities


You were on level 2 of the Dungeon.
You visited 1 branch of the dungeon, and saw 2 of its levels.

You collected 124 gold pieces.


   Skills:
 - Level 1.5 Fighting
 + Level 7.3 Ranged Weapons
 - Level 2.4 Dodging
 - Level 1.2 Stealth


You had 2 spell levels left.
You didn't know any spells.
Your spell library was empty.

Inventory:

Hand Weapons
 Y - a +0 shortbow (weapon)
Armour
 c - a +0 leather armour (worn)
Scrolls
 a - a scroll of identify
Potions
 e - a potion of curing {unknown}
 g - a potion of enlightenment {unknown}

Dungeon Overview and Level Annotations

Branches:
Dungeon (2/15)

Altars:
Qazlal


Message History

Enter note:
Enter note:
Enter note:
Enter note:
Enter note:
Enter note:
Enter note: Done exploring.
1217 ||| READING scroll labelled SEOGU TUN MAQI.
The air fills with toxic fumes!
As you read the scroll labelled SEOGU TUN MAQI, it crumbles to dust.
It was a scroll of poison.
Done exploring.
(D) Dungeon
Where to? (* - list waypoints, Enter - D:2, ? - help)
What level of the Dungeon? (default 1, ? - help) Sorry, I don't know how to get there.
Enter note:
Enter note:
Enter note:
Enter note:
Enter note:
Enter note:
Enter note:
Enter note:
Enter note:
Enter note:
Enter note:
Enter note: Really walk into that cloud of poison gas?
You are engulfed in poison gas.
You are poisoned.
You feel very sick.
1219 ||| Stepping ~*~*~tactically~*~*~ (cloud).
You feel very sick.
There is a lethal amount of poison in your body!
You feel sick.
There is a lethal amount of poison in your body!
You feel sick.
There is a lethal amount of poison in your body!
You die...

##.##............
#########¤##.#..........
#########0##.#.#......>.
########¤¤...#.####.....
########¤#.###.# #####.
#####¤¤¤¤#..#..# ##
#####¤¤¤¤...#.## ##
#####¤0¤###.#.# #.
#####¤¤@###...# #.
#####¤¤¤#####.# #.
#####¤¤¤#####.# #.
#####0¤¤####### ##
#####0¤¤#######
#####¤¤¤#######
#####¤¤¤#######
###############


There were no monsters in sight!

Vanquished Creatures
  A hound skeleton (D:2)
  2 adder zombies (D:2)
  An adder skeleton (D:2)
  A ball python (D:2)
  5 bats
  A bat skeleton (D:2)
  5 endoplasms
  A giant cockroach (D:2)
  3 goblins
  4 hobgoblins
  2 jackals (D:1)
  A quokka (D:1)
  2 ball python zombies (D:2)
  5 kobolds
  A quokka skeleton (D:2)
  2 rats
37 creatures vanquished.

Notes
Turn   | Place    | Note
-------+----------+-------------------------------------------
     0 | D:1      | qw the Deep Elf Hunter began the quest for the Orb.
     0 | D:1      | Reached XP level 1. HP: 12/12 MP: 3/3
     0 | D:1      | 0 ||| qw: Version: 0.3-a-22-g0ed2b0b
     0 | D:1      | 0 ||| qw: Game counter: 6287
     0 | D:1      | 0 ||| qw: Melee chars always use a shield: true
     0 | D:1      | 0 ||| qw: God list: Okawaru
     0 | D:1      | 0 ||| qw: Allow faded altars: false
     0 | D:1      | 0 ||| qw: Do Orc after clearing Dungeon:15 true
     0 | D:1      | 0 ||| qw: Do second Lair branch before Depths: true
     0 | D:1      | 0 ||| qw: Lair rune preference: random
     0 | D:1      | 0 ||| qw: Goals: Normal
     0 | D:1      | 0 ||| PLANNING D:1-11
   269 | D:1      | Reached skill level 6 in Ranged Weapons
   269 | D:1      | Reached XP level 2. HP: 16/16 MP: 4/4
   765 | D:1      | 765 ||| READING 2 scrolls labelled XODOUC VEAPNIN.
   766 | D:1      | 766 ||| READING 2 scrolls labelled LEUTOO OFUSTRIXT.
   767 | D:1      | 767 ||| READING scroll labelled COTAWY VIAHYJ.
   768 | D:1      | 768 ||| DROPPING scroll of butterflies.
   769 | D:1      | 769 ||| DROPPING scroll of noise.
   811 | D:2      | Found a stormy altar of Qazlal.
   876 | D:2      | Reached XP level 3. HP: 20/20 MP: 5/5
   892 | D:2      | Reached skill level 7 in Ranged Weapons
  1216 | D:2      | 1216 ||| READING scroll labelled EDONAA FEATI.
  1217 | D:2      | 1217 ||| READING scroll labelled SEOGU TUN MAQI.
  1219 | D:2      | 1219 ||| Stepping ~*~*~tactically~*~*~ (cloud).
  1219 | D:2      | HP: 4/20 [poisoned by you (poison gas)]
  1221 | D:2      | HP: 1/20 [poisoned by you (poison gas)]
  1222 | D:2      | Succumbed to their own poison gas

Levels and vault maps discovered:
D:1:      scummos_arrival_checkerplants, layout_basic
D:2:      layout_rooms, basic_altar, serial_undead, serial_undead_f,
          serial_undead_c, serial_undead_a, serial_undead_a, serial_undead_c,
          serial_undead_f

Skill      XL: |  1  2  3 |
---------------+----------+-----
Ranged Weapons | 6 7 |  7.3
Fighting       | |  1.5
Dodging        | |  2.4
Stealth        | |  1.2

Action                     || total
---------------------------++-------
   Fire: Shortbow          ||   124
    Use: Scroll            ||     5
 Armour: Leather armour    ||    17
  Dodge: Dodged            ||    20

Table legend:
 A = Non-vault XP
 B = Vault XP
 C = Vault XP percentage of total XP
 D = Non-vault monster count
 E = Vault monster count
 F = Vault count percentage of total count
                 A         B        C        D         E       F
            +---------+---------+-------+---------+---------+-------
      Total |      50 |      41 |  45.1 |      29 |       8 |  21.6
            +---------+---------+-------+---------+---------+-------
        D:1 |      28 |       0 |   0.0 |      16 |       0 |   0.0
        D:2 |      22 |      41 |  65.1 |      13 |       8 |  38.1
            +---------+---------+-------+---------+---------+-------
